 Dungeon Crawl Stone Soup version 0.24.1 (webtiles) character file.

Game seed: 17941022840529697898, levelgen mode: deterministic

784 Peloso the Shield-Bearer (level 7, -4/60 HPs)
             Began as a Minotaur Fighter on Mar 25, 2020.
             Was a Follower of Okawaru.
             Killed from afar by an orc wizard (8 damage)
             ... with a puff of flame
             ... on level 4 of the Dungeon.
             The game lasted 00:08:40 (3569 turns).

Peloso the Shield-Bearer (Minotaur Fighter)         Turns: 3569, Time: 00:08:40

Health: -4/60      AC: 13    Str: 21    XL:     7   Next: 55%
Magic:  0/15       EV:  7    Int:  5    God:    Okawaru [*.....]
Gold:   220        SH: 12    Dex: 11    Spells: 6/6 levels left

rFire    . . .     SeeInvis .   a - +0 long sword
rCold    . . .     Gourm    .   c - +2 shield
rNeg     . . .     Faith    .   i - +0 chain mail
rPois    .         Spirit   +   (helmet restricted)
rElec    .         Reflect  .   (no cloak)
rCorr    .         Harm     .   r - +0 pair of gloves
MR       .....                  k - +1 pair of boots {run}
Stlth    ..........             j - amulet of guardian spirit
HPRegen  0.20/turn              g - ring of magical power
MPRegen  0.14/turn              (no ring)

@: quick
A: retaliatory headbutt, horns 2
a: Heroism, Renounce Religion


You were on level 4 of the Dungeon.
You worshipped Okawaru.
Okawaru was aware of your devotion.
You were not hungry.

You visited 2 branches of the dungeon, and saw 5 of its levels.

You collected 220 gold pieces.

Inventory:

Hand Weapons
 a - a +0 long sword (weapon)
Armour
 b - a +0 scale mail
 c - a +2 shield (worn)
 i - a +0 chain mail (worn)
 k - a +1 pair of boots of running (worn)
 r - a +0 pair of gloves (worn)
Jewellery
 g - a ring of magical power (left hand)
 j - an amulet of guardian spirit (around neck)
Wands
 l - a wand of random effects (17)
Scrolls
 e - 2 scrolls of teleportation
 h - a scroll of blinking
 n - 6 scrolls of identify
Potions
 d - 2 potions of might
 m - a potion of brilliance
Comestibles
 f - 5 rations
 o - 2 chunks of flesh


   Skills:
 + Level 4.9 Fighting
 + Level 3.1 Long Blades
   Level 5.0 Axes
 + Level 6.3 Armour
 + Level 1.8 Dodging
 + Level 6.3 Shields


You had 6 spell levels left.
You didn't know any spells.
Your spell library was empty.

Dungeon Overview and Level Annotations

Branches:
Dungeon (4/15)             Temple (1/1) D:4

Altars:
Ashenzari
Elyvilon
Fedhas
Gozag
Kikubaaqudgha
Okawaru
Ru
Uskayaw
Wu Jian
Xom
Yredelemnul


Innate Abilities, Weirdness & Mutations

You reflexively headbutt those who attack you in melee.
You have a pair of horns on your head.


Message History

Something hits you.
* * * LOW HITPOINT WARNING * * *
You block something's attack.
Unknown command.
Something hits you but does no damage.
You hear some strange, mumbled words.
A puff of frost appears from out of thin air!
You block the puff of frost.
You hit something. Your headbutt misses something.
Something hits you but does no damage. x2
Unknown command.
A magic dart appears from out of thin air!
The magic dart hits you!
* * * LOW HITPOINT WARNING * * *
A puff of frost appears from out of thin air!
The puff of frost hits you!
* * * LOW HITPOINT WARNING * * *
The orc wizard casts a spell at you. The puff of flame hits you!
You die...

........#..#..##.##.#
#.##.
........#..#.>##.##+##
#.##.
........#..#...#.#...
###.##.
#+#######..#.#.#.#...
#...... ........#.#o#(#...
#...... #.....#o#o{.##.#
#...... #....##o##..##.#
#......
######.......##..##.#
###+###
...(....#{######@##.######
#
######.!.......#.........#
#
........#o.....##.#.####.#
#
.........#.....##...####.#
#
########.#.............#.#
# #.#.............#.#
#.### #.#.........>...#.#
#....
########.#....b........#.#
####
.......#.#.#+##........#.#
#


You could see an orc warrior and an orc wizard.

Vanquished Creatures
  Sigmund (D:3)
  Edmund (D:4)
  An ogre (D:4)
  A centaur (D:4)
  A scorpion (D:4)
  An orc wizard (D:4)
  Jessica (D:2)
  Natasha (D:2)
  A worker ant (D:4)
  Robin (D:2)
  4 gnolls (D:4)
  6 adders
  2 oozes
  3 worms
  2 dart slugs
  2 leopard geckos
  8 orcs
  A ball python (D:2)
  3 giant cockroaches
  9 hobgoblins
  6 kobolds
  2 quokkas (D:2)
  8 bats
  3 frilled lizards (D:1)
  15 goblins
  7 rats
91 creatures vanquished.

Notes
Turn   | Place    | Note
-------+----------+-------------------------------------------
     0 | D:1      | Peloso the Minotaur Fighter began the quest for the Orb.
     0 | D:1      | Reached XP level 1. HP: 19/19 MP: 0/0
   188 | D:1      | Reached XP level 2. HP: 22/27 MP: 1/1
   580 | D:1      | Reached XP level 3. HP: 33/33 MP: 2/2
   837 | D:2      | Noticed Jessica
   854 | D:2      | Killed Jessica
   854 | D:2      | Reached skill level 1 in Axes
   854 | D:2      | Reached skill level 1 in Dodging
   854 | D:2      | Reached XP level 4. HP: 38/40 MP: 3/3
   929 | D:2      | Found a shimmering altar of Xom.
   992 | D:2      | Identified a +1 pair of boots of running (You found it on
                  | level 2 of the Dungeon)
  1125 | D:2      | Found a sacrificial altar of Ru.
  1125 | D:2      | Found a hide-covered altar of Uskayaw.
  1148 | D:2      | Noticed Robin
  1173 | D:2      | Killed Robin
  1258 | D:2      | Noticed Natasha
  1277 | D:2      | Killed Natasha
  1277 | D:2      | Reached skill level 5 in Shields
  1277 | D:2      | Reached XP level 5. HP: 28/46 MP: 4/4
  1809 | D:3      | Found an ancient bone altar of Kikubaaqudgha.
  1844 | D:3      | Noticed Sigmund
  1855 | D:3      | Killed Sigmund
  1855 | D:3      | Reached skill level 5 in Armour
  1855 | D:3      | Reached XP level 6. HP: 53/53 MP: 5/5
  2462 | D:4      | Found a staircase to the Ecumenical Temple.
  2479 | Temple   | Entered the Ecumenical Temple
  2507 | Temple   | Became a worshipper of Warmaster Okawaru
  2795 | D:4      | Noticed Edmund
  2827 | D:4      | Killed Edmund
  2827 | D:4      | Reached XP level 7. HP: 40/60 MP: 6/6
  2990 | D:4      | Reached skill level 5 in Axes
  3455 | D:4      | Reached * piety under Okawaru
  3569 | D:4      | Killed from afar by an orc wizard

Levels and vault maps discovered:
D:1:      lightli_arrival_quake, layout_rooms, minmay_vboxes
D:2:      layout_loops_ring, nicolae_overflow_hidden_temple,
          gammafunk_temple_overflow_wave, uniq_jessica, uniq_robin, uniq_natasha
D:3:      layout_basic, overflow_temple_1_default, uniq_sigmund
D:4:      layout_basic, minmay_temple_entry_butterflies, first_ration,
          uniq_edmund, uniq_grinder
Temple:   jpeg_temple_clearing

Skill      XL: |  1  2  3  4  5  6  7 |
---------------+----------------------+-----
Shields        | 4 5 6 |  6.3
Fighting       | 4 |  4.9
Armour         | 4 5 6 |  6.3
Long Blades    | 3 |  3.1
Axes           | 1 3 4 5 |  5.0
Dodging        | 1 |  1.8

Action                   |  1- 3 |  4- 6 |  7- 9 || total
-------------------------+-------+-------+-------++-------
Melee: Long sword        |    31 |       |    24 ||    55
       Hand axe          |    65 |   204 |    27 ||   296
       Headbutt          |    14 |    41 |    10 ||    65
Invok: Heroism           |       |       |     1 ||     1
  Use: Potion            |     4 |     2 |     2 ||     8
       Scroll            |     5 |     2 |     1 ||     8
  Eat: Chunk             |       |     6 |     3 ||     9
Armor: Scale mail        |    46 |       |       ||    46
       Chain mail        |    17 |    92 |    28 ||   137
Dodge: Dodged            |    31 |    49 |    18 ||    98
Block: Shield            |    61 |   110 |    32 ||   203
       Rpst.: Long sword |     5 |       |     3 ||     8
